 Dungeon Crawl Stone Soup version 0.31.0-12-g77e489cdc1 (webtiles) character file.

Game seed: 16481614111910078335

806 Logoto the Cleaver (level 7, -2/61 HPs)
             Began as a Hill Orc Fighter on Mar 6, 2024.
             Was an Initiate of Okawaru.
             Slain by a killer bee (4 damage)
             ... on level 5 of the Dungeon.
             The game lasted 00:18:04 (5371 turns).

Logoto the Cleaver (Hill Orc Fighter)               Turns: 5371, Time: 00:18:05

Health: -2/61      AC:  8    Str: 21    XL:     7   Next: 91%
Magic:  7/7        EV:  9    Int:  8    God:    Okawaru [......]
Gold:   343        SH:  4    Dex: 10    Spells: 6/6 levels left

rFire   + . .        a - +0 war axe
rCold   + . .        c - +0 buckler
rNeg    . . .        b - +0 scale mail
rPois   +            (no helmet)
rElec   +            j - +0 cloak
rCorr   +            (no gloves)
SInv    .            (no boots)
Will    .....        (no amulet) Stlth
                     m - ring of resist corrosion
HPRegen 0.30/turn    r - ring of flight
MPRegen 0.10/turn

%: no passive effects
@: lethally poisoned (-2 -> -22), resistant, flying
A: no striking features
a: Renounce Religion


You were on level 5 of the Dungeon.
You worshipped Okawaru.
Okawaru was noncommittal.
You visited 2 branches of the dungeon, and saw 6 of its levels.
You also visited: Sewer.

You collected 343 gold pieces.

Inventory:

Hand Weapons
 a - a +0 war axe (weapon)
Missiles
 p - a curare-tipped dart (quivered)
Armour
 b - a +0 scale mail (worn)
 c - a +0 buckler (worn)
 j - a +0 cloak (worn)
Jewellery
 m - a ring of resist corrosion (left hand)
 r - a ring of flight (right hand)
 w - a ring of magical power
Wands
 z - a wand of roots (2)
 C - a wand of paralysis (6)
Scrolls
 g - a scroll of fog {unknown}
 h - 2 scrolls of revelation
 i - a scroll of brand weapon {unknown}
 k - 3 scrolls of identify
 o - a scroll of vulnerability {unknown}
 t - a scroll of immolation {unknown}
 u - a scroll of amnesia {unknown}
 x - a scroll of enchant weapon {unknown}
 y - a scroll of teleportation {unknown}
 A - a scroll of poison {unknown}
Potions
 d - 3 potions of might
 e - a potion of magic {unknown}
 f - a potion of resistance
 l - a potion of brilliance {unknown}
 n - a potion of degeneration {unknown}
 q - a potion of enlightenment {unknown}
 s - a potion of heal wounds {unknown}
 v - a potion of haste {unknown}
 B - a potion of curing {unknown}


   Skills:
 + Level 5.2 Fighting
 + Level 8.0 Axes
 + Level 1.0 Throwing
 + Level 5.5 Armour
 + Level 1.2 Dodging
 + Level 1.0 Stealth
 + Level 4.0 Shields


You had 6 spell levels left.
You didn't know any spells.
Your spell library contained the following spells:

 Spells                   Type           Power      Damage    Failure   Level
 Ensorcelled Hibernation  Hex/Ice        0%         N/A       90%         2
 Gell's Gravitas          Tloc           0%         N/A       99%         3
 Passwall                 Erth           0%         N/A       99%         3
 Sigil of Binding         Hex            0%         N/A       99%         3
 Swiftness                Air            0%         N/A       99%         3
 Teleport Other           Tloc           0%         N/A       99%         3
 Dimensional Bullseye     Hex/Tloc       0%         N/A       100%        4
 Dispersal                Tloc           0%         N/A       100%        6
 Call Canine Familiar     Summ           Unusable   N/A       N/A         3
 Summon Ice Beast         Ice/Summ       Unusable   N/A       N/A         3
 Summon Mana Viper        Hex/Summ       Unusable   N/A       N/A         5
 Monstrous Menagerie      Summ           Unusable   N/A       N/A         7

Dungeon Overview and Level Annotations

Branches:
Dungeon (5/15)             Temple (1/1) D:5           Sewer (visited)

Altars:
Ashenzari
Elyvilon
Gozag
Hepliaklqana
Kikubaaqudgha
Nemelex Xobeh
Okawaru
Qazlal
Ru
Sif Muna
Trog
Uskayaw
Vehumet
Wu Jian
Xom
Yredelemnul
Zin
The Shining One


Message History

The killer bee stings you but does no damage.
The killer bee barely misses you. The killer bee stings you.
You are more poisoned.
The killer bee poisons you!
You slash the killer bee!
The killer bee is severely wounded.
You miss the killer bee.
You feel very sick.
A killer bee comes into view.
The killer bee stings you but does no damage.
The killer bee misses you.
You barely miss the killer bee.
The killer bee is severely wounded.
You miss the killer bee.
You feel very sick. The killer bee stings you.
The killer bee stings you but does no damage.
The killer bee stings you!
You are more poisoned.
The killer bee poisons you!
The killer bee stings you but does no damage.
You closely miss the killer bee.
The killer bee is severely wounded.
You closely miss the killer bee.
* * * LOW HITPOINT WARNING * * *
You feel very sick. The killer bee stings you.
* * * LOW HITPOINT WARNING * * *
The killer bee stings you but does no damage.
The killer bee stings you.
* * * LOW HITPOINT WARNING * * *
You are more poisoned.
The killer bee poisons you!
The killer bee stings you but does no damage.
You feel protected.
* * * LOW HITPOINT WARNING * * *
You feel very sick. The killer bee misses you.
You block the killer bee's attack. The killer bee barely misses you.
The killer bee stings you.
You die...

## #.........#....####'#
#########
#.........#....#.....
...†....#
#########.#....#.....
#######.# #.######..... #.#
#.# #..... #.# ######.#
####.. #.###### #... #.# #..
#......###y#.##.# #..
######.#hy@#....# #..
#######.#y####<..#########))
..........# ##.........##)#
#######.### #.........##.#
#.# #.........##.. #..
#<..)....###.. ...
.####..)..##...##
#####....†)...#..###..
....###...#..#..(#.


You could see a hound and 3 killer bees.

Vanquished Creatures
  A kobold brigand (Sewer)
  3 scorpions
  A killer bee (D:5)
  A bombardier beetle (D:5)
  A hound (D:5)
  A gnoll bouda (D:4)
  A sleepcap (D:4)
  4 orc wizards
  10 adders
  8 gnolls
  4 river rats
  4 dart slugs
  A ribbon worm (D:2)
  14 orcs
  11 ball pythons
  A bat (D:1)
  5 endoplasms
  6 giant cockroaches
  2 goblins
  5 hobgoblins
  4 jackals (D:4)
  4 kobolds
  8 quokkas
  3 frilled lizards
  8 rats
111 creatures vanquished.

Notes
Turn   | Place    | Note
-------+----------+-------------------------------------------
     0 | D:1      | Logoto the Hill Orc Fighter began the quest for the Orb.
     0 | D:1      | Reached XP level 1. HP: 19/19 MP: 1/1
   260 | D:1      | Reached XP level 2. HP: 24/27 MP: 2/2
   782 | D:2      | Reached skill level 3 in Axes
   796 | D:2      | Reached XP level 3. HP: 32/33 MP: 3/3
  1681 | D:3      | Reached XP level 4. HP: 36/40 MP: 4/4
  1894 | D:3      | Found a shimmering blue altar of Sif Muna.
  1980 | D:3      | Reached skill level 4 in Axes
  2282 | D:3      | Reached XP level 5. HP: 46/46 MP: 5/5
  2516 | D:4      | Found Foxovew's General Store.
  2548 | D:4      | Found a glowing drain.
  2569 | Sewer    | Entered a sewer
  2649 | Sewer    | Noticed a kobold brigand
  2677 | Sewer    | Noticed a kobold brigand
  2678 | Sewer    | Noticed a kobold brigand
  2775 | Sewer    | Reached skill level 5 in Axes
  2836 | Sewer    | Killed a kobold brigand
  2837 | Sewer    | Reached XP level 6. HP: 43/53 MP: 6/6
  3099 | D:4      | Reached skill level 6 in Axes
  3821 | D:4      | Reached skill level 1 in Throwing
  3924 | D:5      | Entered Level 5 of the Dungeon
  3932 | D:5      | Found a staircase to the Ecumenical Temple.
  3946 | D:4      | Reached skill level 1 in Dodging
  3946 | D:4      | Reached XP level 7. HP: 57/60 MP: 7/7
  3969 | D:4      | Reached skill level 5 in Armour
  4138 | D:4      | Reached skill level 7 in Axes
  4520 | Temple   | Entered the Ecumenical Temple
  4742 | Temple   | Became a worshipper of Warmaster Okawaru
  4872 | D:5      | Reached skill level 5 in Fighting
  5190 | D:5      | Reached skill level 1 in Stealth
  5260 | D:5      | Reached skill level 8 in Axes
  5371 | D:5      | HP: 2/61 [poisoned by a killer bee]
  5371 | D:5      | Slain by a killer bee

Illustrated notes

Levels and vault maps discovered:
D:1:      matt_arrival_los_fun, layout_basic
D:2:      layout_basic, minivault_23
D:3:      layout_loops_ring, kennysheep_orc_sif_temple,
          wad_floor_pattern_untrapped
D:4:      layout_basic, serial_shops, nicolae_shop_statue_plus,
          gup_sewer_entry_pipe, minmay_a_box_with_orc_wizards_in_it
D:5:      layout_basic, mainiacjoe_overflow_alcove_4,
          minmay_temple_entry_steel_oval
Temple:   bh_familiar_temple

Skill      XL: |  1  2  3  4  5  6  7 |
---------------+----------------------+-----
Axes           | 3 4 5 6 8 |  8.0
Armour         | 4 5 |  5.5
Fighting       | 4 5 |  5.2
Throwing       | 1 |  1.0
Dodging        | 1 |  1.2
Shields        | 4 |  4.0
Stealth        | 1 |  1.0

Action                     |  1- 3 |  4- 6 |  7- 9 || total
---------------------------+-------+-------+-------++-------
  Melee: War axe           |   120 |   181 |    79 ||   380
  Throw: Throwing net      |       |     3 |       ||     3
    Use: Scroll            |       |     2 |       ||     2
         Potion            |       |       |     1 ||     1
   Stab: Held in net/web   |       |     1 |       ||     1
 Armour: Scale mail        |    97 |   144 |    87 ||   328
  Dodge: Dodged            |    54 |   105 |    60 ||   219
  Block: Buckler           |    29 |    40 |    22 ||    91
